 Dungeon Crawl Stone Soup version 0.24-a0-447-ge8da9206dc (webtiles) character file.

Game seed: 595132621454314203

240 Ijustatesigmund the Skirmisher (level 6, 0/68 HPs)
             Began as an Ogre Hunter on June 25, 2019.
             Slain by a gnoll
             ... wielding a +0 whip
              (6 damage)
             ... on level 3 of the Dungeon.
             The game lasted 00:10:11 (3829 turns).

Ijustatesigmund the Skirmisher (Ogre Hunter)        Turns: 3829, Time: 00:10:11

Health: 0/68       AC:  4    Str: 15 (17) XL:     6   Next: 8%
Magic:  6/6        EV: 10    Int: 11 (12) God:
Gold:   200        SH:  0    Dex:  9 (11) Spells: 5/5 levels left

rFire    . . .     SeeInvis .   a - +0 flail
rCold    . . .     Gourm    .   (no shield)
rNeg     + . .     Faith    .   b - +1 robe
rPois    .         Spirit   .   (helmet restricted)
rElec    .         Reflect  .   (no cloak)
rCorr    .         Harm     .   (gloves unavailable)
MR       .....                  (boots unavailable)
Stlth    +.........             (no amulet)
HPRegen  0.21/turn              g - ring of wizardry
MPRegen  0.10/turn              i - ring of positive energy

@: no status effects
A: large, unfitting armour, tough skin 1
a: no special abilities


You were on level 3 of the Dungeon.
You were very hungry.

You visited 1 branch of the dungeon, and saw 4 of its levels.
You also visited: Sewer.

You collected 200 gold pieces.

Inventory:

Hand Weapons
 a - a +0 flail (weapon)
Missiles
 c - 2 large rocks (quivered)
Armour
 b - a +1 robe (worn)
Jewellery
 g - a ring of wizardry (left hand)
 i - a ring of positive energy (right hand)
 m - an uncursed ring of fire
Scrolls
 e - a scroll of teleportation
 j - a scroll of magic mapping
 l - 3 scrolls of immolation
 p - a scroll of enchant armour
Potions
 f - a potion of curing {unknown}
 h - a potion of flight
 n - a potion of haste


   Skills:
 + Level 6.7 Fighting
 + Level 2.9 Maces & Flails
 - Level 4.0 Throwing
 - Level 1.7 Dodging
 - Level 0.6 Stealth


You had 5 spell levels left.
You didn't know any spells.
Your spell library was empty.

Dungeon Overview and Level Annotations

Branches:
Dungeon (4/15)
 Temple: D:4-7

Altars:

Annotations:
D:2 Sigmund


Innate Abilities, Weirdness & Mutations

You are too large for most types of armour.
You have tough skin. (AC +1)


Message History

You kill the hound!
You have reached level 6!
Your experience leads to an increase in your attributes!
Your base attributes are Str 16, Int 12, Dex 10.
Increase (S)trength, (I)ntelligence, or (D)exterity?
You feel agile.
You feel stronger.
You hit the gnoll.
The gnoll is lightly wounded.
The gnoll hits you with a +0 whip.
* * * LOW HITPOINT WARNING * * *
You sock the gnoll!
The gnoll is severely wounded.
The gnoll hits you with a +0 whip.
* * * LOW HITPOINT WARNING * * *
You closely miss the gnoll.
The gnoll is severely wounded.
The gnoll hits you with a +0 whip!
* * * LOW HITPOINT WARNING * * *
The gnoll hits you with a +0 whip.
You die...

########.# #........# #.######.#
######### #.# #.#
#.......######.# #.#
#.#####......#.# #.#
#.##########.#.# #.#
#.......####>#.## #.#####
#######.#.@gg...#####.#....
#.#.##.......##.#.###
#.#.#.....##.##.#.# ###########
#.#.#.....#...#.#.###
....<.....###.#.#.##..###.#.....#
#####...........#.....#.....#.#.#
#...........#.#...#####.#.#..
#...........#...........#.###
#####.####..#.##.########.# #


You could see 2 gnolls.

Vanquished Creatures
  A crocodile (Sewer)
  A bullfrog (D:3)
  A hound (D:3)
  A gnoll (D:3)
  2 worms
  A leopard gecko (D:1)
  6 orcs (D:3)
  A giant cockroach (D:3)
  4 goblins
  3 hobgoblins (D:1)
  3 jackals (D:1)
  4 kobolds (D:1)
  4 ball pythons
  12 bats
  A frilled lizard (D:2)
  11 rats
56 creatures vanquished.

Notes
Turn   | Place    | Note
-------+----------+-------------------------------------------
     0 | D:1      | Ijustatesigmund the Ogre Hunter began the quest for the
                  | Orb.
     0 | D:1      | Reached XP level 1. HP: 22/22 MP: 1/1
    75 | D:1      | Reached skill level 3 in Fighting
   119 | D:1      | Reached XP level 2. HP: 31/31 MP: 2/2
   634 | D:1      | Reached skill level 4 in Fighting
  1201 | D:2      | Reached XP level 3. HP: 31/40 MP: 3/3
  1403 | D:2      | Noticed Sigmund
  1481 | D:3      | Found a glowing drain.
  1506 | Sewer    | Entered a sewer
  1526 | Sewer    | Reached skill level 5 in Fighting
  1606 | Sewer    | Noticed a crocodile
  1609 | Sewer    | Killed a crocodile
  1609 | Sewer    | Reached skill level 1 in Maces & Flails
  1609 | Sewer    | Reached XP level 4. HP: 52/52 MP: 4/4
  1609 | Sewer    | Reached XP level 5. HP: 59/59 MP: 5/5
  3141 | D:3      | Reached skill level 6 in Fighting
  3806 | D:4      | Noticed an ogre
  3826 | D:3      | Reached XP level 6. HP: 24/68 MP: 6/6
  3829 | D:3      | Slain by a gnoll

Levels and vault maps discovered:
D:1:      dpeg_arrival_leaves_temple_mockup, layout_rooms
D:2:      layout_rooms, minmay_goblin_outpost, uniq_sigmund
D:3:      layout_basic, portal_sewer_entry_b, minmay_distorted
D:4:      layout_loops_ring, chequers_temple_overflow_minitemple,
          lemuel_zombie_altar_yredelemnul, uniq_blork_the_orc

Skill      XL: |  1  2  3  4  5 |
---------------+----------------+-----
Fighting       | 3 4 5 6 |  6.7
Maces & Flails | 1 2 |  2.9
Throwing       | |  4.0
Dodging        | |  1.7
Stealth        | |  0.6

Action                   |  1- 3 |  4- 6 || total
-------------------------+-------+-------++-------
Melee: Short sword       |   132 |       ||   132
       Mace              |    33 |    85 ||   118
       Flail             |       |    19 ||    19
Throw: Large rock        |     6 |     5 ||    11
       Throwing net      |       |     3 ||     3
  Use: Potion            |     1 |     4 ||     5
       Scroll            |    10 |     1 ||    11
 Stab: Held in net/web   |       |     1 ||     1
  Eat: Chunk             |     2 |     3 ||     5
       Ration            |       |     1 ||     1
Armor: Robe              |    90 |    33 ||   123
Dodge: Dodged            |   159 |    60 ||   219

Table legend:
 A = Non-vault XP
 B = Vault XP
 C = Vault XP percentage of total XP
 D = Non-vault monster count
 E = Vault monster count
 F = Vault count percentage of total count
                 A         B        C        D         E       F
            +---------+---------+-------+---------+---------+-------
      Total |     227 |     117 |  34.0 |      46 |      10 |  17.9
            +---------+---------+-------+---------+---------+-------
        D:1 |      33 |       0 |   0.0 |      21 |       0 |   0.0
        D:2 |      15 |       0 |   0.0 |       8 |       0 |   0.0
        D:3 |     179 |       5 |   2.7 |      17 |       4 |  19.0
      Sewer |       0 |     112 | 100.0 |       0 |       6 | 100.0
            +---------+---------+-------+---------+---------+-------
